AoeStats
← Marstindil

Arabia

506870695Analyzed
1v1 RM · 16d ago on Sep 15, 2026· 64m 4s· 2 players
Game mode
Random Map
Map size
Tiny (2 player)
Population
200
Speed
Normal
Resources
Standard
Victory
Conquest
Starting age
Dark Age
Ending age
Imperial Age
RankedLock teamsTeams togetherTeam positionsShared explorationLock speedFull tech treeHidden civsTurbo modeCheats
Victory
Defeat
🇦🇷 Goths · Argentina
1007
+15
🇦🇷 Bohemians · Argentina
983
-15
Marstindil
8:37 Loom
10:40 Feudal Age
11:32 Double-Bit Axe
14:08 Horse Collar
21:42 Castle Age
20:46 Fletching
21:56 Padded Archer Armor
24:43 Bow Saw
27:40 Heavy Plow
28:11 Crossbowman
32:06 Scale Barding Armor
32:17 Forging
32:17 Light Cavalry
32:59 Husbandry
41:59 Wheelbarrow
44:43 Imperial Age
47:48 Chemistry
58:40 Two-Man Saw
59:17 Sanctity
63:14 Hand Cart
64:24 Fervor
chifi
8:49 Loom
10:34 Feudal Age
10:39 Man-at-Arms
14:51 Scale Mail Armor
17:14 Double-Bit Axe
21:23 Castle Age
27:36 Squires
27:41 Gold Mining
27:54 Horse Collar
31:33 Anarchy
38:19 Imperial Age
36:23 Stone Mining
38:38 Town Watch
39:09 Forging
39:15 Chain Mail Armor
38:38 Pikeman
40:49 Conscription
41:49 Wheelbarrow
42:07 Fletching
42:44 Halberdier
44:39 Perfusion
45:39 Elite Skirmisher
48:10 Bodkin Arrow
50:44 Ballistics
51:25 Chemistry
57:49 Bracer
58:25 Iron Casting
63:04 Town Patrol
63:20 Hand Cart
Connection lost

Rejoining the realm…

Still unreachable

The connection could not be restored.

Session expired

The server has moved on; the page needs a fresh start.